 Dungeon Crawl Stone Soup version 0.28.0-45-g0d030f2227 (webtiles) character file.

Game seed: 925480937077467791

156 NinjaNoafa the Ducker (level 5, -2/41 HPs)
             Began as a Merfolk Gladiator on Apr 13, 2022.
             Was an Initiate of Wu Jian.
             Killed by nerve-wracking pain
             ... invoked by an orc priest
              (11 damage)
             ... on level 4 of the Dungeon.
             The game lasted 00:06:11 (2489 turns).

NinjaNoafa the Ducker (Merfolk Gladiator)           Turns: 2489, Time: 00:06:12

Health: -2/41      AC:  4    Str: 14    XL:     5   Next: 38%
Magic:  5/5        EV: 14    Int: 11    God:    Wu Jian [......]
Gold:   132        SH:  0    Dex: 18    Spells: 4/4 levels left

rFire   . . .      SeeInvis .   l - +2 whip (venom)
rCold   . . .      Faith    .   (no shield)
rNeg    . . .      Spirit   .   j - +0 leather armour "Joperaf" {Int+4}
rPois   .          Reflect  .   c - +0 helmet
rElec   .          Harm     .   (no cloak)
rCorr   .          Rampage  .   (no gloves)
Will    .....                   (no boots)
Stlth   +.........              (no amulet)
HPRegen 0.13/turn               e - ring of wizardry
MPRegen 0.09/turn               (no ring)

@: studying Staves
A: (nimble swimmer 2), mertail
a: Renounce Religion


You were on level 4 of the Dungeon.
You worshipped Wu Jian.
Wu Jian was noncommittal.
You visited 1 branch of the dungeon, and saw 3 of its levels.

You collected 132 gold pieces.

Inventory:

Hand Weapons
 a - a +0 trident
 l - a +2 whip of venom (weapon)
Missiles
 d - 2 throwing nets
 h - 47 stones (quivered)
Armour
 b - a +0 leather armour
 c - a +0 helmet (worn)
 j - the +0 leather armour "Joperaf" (worn) {Int+4}
   (You found it on level 2 of the Dungeon)

   Int:       It affects your intelligence (+4).
Jewellery
 e - a ring of wizardry (left hand)
 r - an amulet of the acrobat
Scrolls
 k - 2 scrolls of identify {unknown}
 m - 2 scrolls of teleportation {unknown}
 o - a scroll of immolation {unknown}
 q - a scroll of magic mapping {unknown}
Potions
 f - 2 potions of heal wounds
 g - a potion of curing {unknown}
 i - 2 potions of flight {unknown}
 n - a potion of ambrosia {unknown}
 p - a potion of degeneration {unknown}


   Skills:
 + Level 3.5 Fighting
 * Level 1.1 Maces & Flails
 - Level 4.4 Polearms
 + Level 3.3 Throwing
 + Level 5.3 Dodging
 + Level 0.3 Spellcasting
 + Level 0.4 Translocations


You had 4 spell levels left.
You didn't know any spells.
Your spell library contained the following spells:

 Spells                   Type           Power      Damage    Failure   Level
 Blink                    Tloc           2%         N/A       22%         2
 Gell's Gravitas          Tloc           1%         N/A       41%         3
 Lesser Beckoning         Tloc           1%         N/A       41%         3
 Teleport Other           Tloc           1%         N/A       41%         3
 Manifold Assault         Tloc           1%         N/A       98%         5
 Dispersal                Tloc           0%         N/A       100%        6


Dungeon Overview and Level Annotations

Branches:
Dungeon (2/15)

Altars:
Wu Jian


Innate Abilities, Weirdness & Mutations

((You are very nimble when in or above water. (Stealth+, EV+, Speed+++)))
Your lower body shifts to a powerful aquatic tail in water.


Message History

Beogh smites you! The orc closely misses you.
Your Maces & Flails skill increases to level 1!
You hit the orc.
The orc is poisoned.
The orc is lightly wounded.
The orc hits you but does no damage.
You barely miss the orc priest.
The orc priest looks braver for a moment.
The orc misses you.
You hit the orc priest.
The orc priest is moderately wounded.
The orc priest looks braver for a moment.
You hit the orc priest.
The orc priest is heavily wounded.
You kill the orc!
The Council accepts your kill. The orc priest misses you.
The orc priest calls upon Beogh to heal the orc priest.
The orc priest is healed somewhat.
You closely miss the orc priest.
The orc priest is lightly wounded.
The orc priest hits you with a +0 dagger.
You hit the orc priest.
The orc priest is poisoned.
The orc priest is moderately wounded.
The orc priest mumbles some strange prayers to Beogh against you.
Pain shoots through your body!
* * * LOW HITPOINT WARNING * * *
The orc priest hits you with a +0 club.
* * * LOW HITPOINT WARNING * * *
The orc priest mumbles some strange prayers to Beogh against you.
Pain shoots through your body!
* * * LOW HITPOINT WARNING * * *
It was a potion of heal wounds.
You feel much better. The orc priest hits you with a +0 club.
The orc priest mumbles some strange prayers to Beogh against you.
Pain shoots through your body!
* * * LOW HITPOINT WARNING * * *
The orc priest barely misses you.
The orc priest invokes the aid of Beogh against you.
Pain shoots through your body!
You die...

#.# #.##.#
###.###'##.#.#
>..........#.. #
...........#.# .#
...#.......#.#
####.#
...####'##.#.#
#....### ...#
#.##.#.# #.....>.
..##
#.####.####oo.#####
..#
#........$@.?......
..#
######)#######..###
### #.# ... #.# #
.## #


You could see 2 orc priests.

Vanquished Creatures
  An iguana (D:4)
  An orc wizard (D:4)
  A hound skeleton (D:4)
  3 adders
  A worm (D:4)
  3 dart slugs (D:1)
  2 orcs (D:4)
  4 ball pythons
  3 endoplasms
  A giant cockroach (D:2)
  3 goblins
  2 hobgoblins
  7 jackals (D:1)
  A quokka (D:2)
  7 bats
  A frilled lizard (D:1)
  4 kobolds
  12 rats
57 creatures vanquished.

Notes
Turn   | Place    | Note
-------+----------+-------------------------------------------
     0 | D:1      | NinjaNoafa the Merfolk Gladiator began the quest for the
                  | Orb.
     0 | D:1      | Reached XP level 1. HP: 16/16 MP: 1/1
    75 | D:1      | Reached XP level 2. HP: 16/23 MP: 2/2
   521 | D:1      | Reached XP level 3. HP: 16/28 MP: 3/3
   987 | D:1      | Identified a scroll of acquirement
   987 | D:1      | Acquired a manual of Staves
  1382 | D:2      | Identified the +0 leather armour "Joperaf" {Int+4}
  1849 | D:2      | Found an ornate altar of the Wu Jian Council.
  1859 | D:2      | Became a worshipper of the Wu Jian Council
  1874 | D:2      | Reached XP level 4. HP: 35/35 MP: 4/4
  1964 | D:2      | You fall into a shaft and drop 2 floors!
  2070 | D:4      | Reached skill level 5 in Dodging
  2323 | D:4      | Reached XP level 5. HP: 41/41 MP: 5/5
  2482 | D:4      | Reached skill level 1 in Maces & Flails
  2489 | D:4      | Killed from afar by an orc priest

Illustrated notes

Levels and vault maps discovered:
D:1:      shiori_angband_town, layout_rooms, minmay_rat_gold_closets
D:2:      layout_rooms, basic_altar, chequers_serial_rivers_micro_b,
          minmay_misc_feat_cross, nicolae_underground_beach
D:4:      layout_basic, roderic_serpentine_path

Skill      XL: |  1  2  3  4  5 |
---------------+----------------+-----
Fighting       | 3 |  3.5
Throwing       | 3 |  3.3
Dodging        | 5 |  5.3
Maces & Flails | 1 |  1.1
Polearms       | |  4.4
Spellcasting   | |  0.3
Translocations | |  0.4

Action                   |  1- 3 |  4- 6 || total
-------------------------+-------+-------++-------
Melee: Trident           |    99 |       ||    99
       Whip              |    10 |    49 ||    59
       Punch             |     1 |     2 ||     3
Throw: Throwing net      |     2 |       ||     2
       Stone             |       |     8 ||     8
Invok: Lunge             |     1 |     4 ||     5
  Use: Scroll            |     1 |       ||     1
       Potion            |       |     1 ||     1
 Stab: Sleeping          |     2 |       ||     2
Armor: Leather armour    |    38 |    10 ||    48
Dodge: Dodged            |   105 |    19 ||   124
